 Dungeon Crawl Stone Soup version 0.19-a0-1021-g80cc50c (webtiles) character file.

4323 matakusis the Fighter (level 10, -1/111 HPs)
             Began as a Demonspawn Fighter on July 27, 2016.
             Slain by a troll (9 damage)
             ... on level 9 of the Dungeon.
             The game lasted 00:28:54 (7041 turns).

matakusis the Fighter (Demonspawn Fighter)          Turns: 7041, Time: 00:28:55

Health: -1/111     AC: 25    Str: 25    XL:     10   Next: 11%
Magic:  10/10      EV:  2    Int:  7    God:    Xom [..*...]
Gold:   359        SH: 12    Dex: 18    Spells: 0 memorised, 9 levels left

rFire  . . .     SeeInvis .     a - +0 long sword
rCold  . . .     Gourm    .     (armour currently unavailable)
rNeg   + + +     Faith    .     c - +0 shield
rPois  +         Spirit   .     (helmet currently unavailable)
rElec  .         Dismiss  .     (cloak currently unavailable)
rCorr  .         Reflect  .     (gloves currently unavailable)
SustAt .         Harm     .     (boots currently unavailable)
MR     .....     NoTele   +     r - amulet of regeneration
Stlth  +++.......               (no ring)
                                (no ring)

@: mighty, agile, tree-form, not resistant to hostile enchantments, fairly
stealthy
A: (hooves 0), blink, (cold resistance 0), dopey 1, frail 1, screaming 1, (spiny
0), (sturdy frame 0)
a: Blink, Renounce Religion


You were on level 9 of the Dungeon.
You worshipped Xom.
You were a toy of Xom.
You were not hungry.
You were a tree.
You visited 2 branches of the dungeon, and saw 10 of its levels.

You collected 359 gold pieces.

Inventory:

Hand Weapons
 a - a +0 long sword (weapon)
Missiles
 o - a throwing net (quivered)
Armour
 b - a +0 scale mail (melded)
 c - a +0 shield (worn)
 n - a +2 helmet (melded)
Jewellery
 r - an amulet of regeneration (around neck)
Wands
 C - a wand of confusion (16/48)
 I - a wand of paralysis (7/24)
Scrolls
 e - a scroll of immolation
 g - a scroll of blinking
 h - a scroll of fear
 j - 2 scrolls of remove curse
 l - a scroll of identify
 s - 4 scrolls of recharging
 u - a scroll of teleportation
 x - a scroll of magic mapping
 H - a scroll of enchant armour
Potions
 d - 2 potions of might
Comestibles
 f - 8 bread rations
 p - 12 chunks of flesh
 q - 3 meat rations
 v - a slice of pizza
 z - 4 royal jellies
 D - 8 fruits


   Skills:
 * Level 9.2 Fighting
 + Level 6.1 Long Blades
 + Level 6.9 Armour
 + Level 5.3 Dodging
 * Level 9.0 Shields


You had 9 spell levels left.
You didn't know any spells.

Dungeon Overview and Level Annotations

Branches:
Dungeon (9/15)             Temple (1/1) D:4            Lair (0/6) D:8
    Orc: D:9-12

Altars:
Ashenzari
Cheibriados
Dithmenos
Elyvilon
Fedhas
Gozag
Hepliaklqana
Kikubaaqudgha
Nemelex Xobeh
Okawaru
Pakellas
Qazlal
Ru
Sif Muna
Vehumet
Xom
Yredelemnul
Zin

Shops:
D:5 ?


Innate Abilities, Weirdness & Mutations

((You have hoof-like feet.))
((Your flesh is cold resistant. (rC+)))
((You are partially covered in sharp spines.))
((Your movements are less encumbered by armour. (ER -4)))
You can translocate small distances at will.
You are dopey. (Int -2)
You are frail. (-10% HP)
You occasionally shout uncontrollably at your foes.


Message History

You feel better. The troll bites you but does no damage. The troll claws you.
* * * LOW HITPOINT WARNING * * *
You block the troll's attack.
You feel very mighty all of a sudden. The troll bites you but does no damage.
You block the troll's attack. The troll claws you but does no damage.
You feel agile all of a sudden. The troll bites you but does no damage.
The troll barely misses you. The troll claws you!
* * * LOW HITPOINT WARNING * * *
You cannot move.
You closely miss the troll.
The troll is heavily wounded.
The troll bites you but does no damage. The troll completely misses you.
The troll claws you but does no damage.
You closely miss the troll.
The troll is heavily wounded.
The troll bites you!
You die...
Xom is highly amused!

#..... ##'### #.# #.#
#.# #.# #.#
..##################.#
......T♣bb........##.#
#.###############.##.#
#.##.# #.##.# #.##.#
#.##.# #.##.# #.##.#
#.##.#


You could see a troll.

Vanquished Creatures
  A spriggan (D:7)
  A hippogriff (D:8)
  2 hungry ghosts (D:8)
  The ghost of Shenda the Slasher, an amateur DsGl (D:3)
  2 hell hounds (D:8)
  An orc warrior (D:7)
  A sky beast (D:7)
  A black bear (D:5)
  4 ogres
  A centaur (D:5)
  A big kobold (D:7)
  4 giant frogs
  Blork the orc (D:4)
  A wyvern skeleton (D:8)
  5 scorpions
  3 killer bees (D:8)
  2 howler monkeys
  A centaur zombie (D:6)
  3 crimson imps
  3 quasits
  A jelly (D:8)
  3 orc priests
  2 hounds
  3 centaur skeletons
  2 giant frog skeletons
  2 orc wizards
  An iguana (D:4)
  5 worker ants
  A hound zombie (D:8)
  2 hound skeletons
  A howler monkey zombie (D:7)
  Robin (D:4)
  3 gnolls (D:8)
  12 adders
  A shadow imp (D:5)
  An ooze (D:2)
  2 adder zombies
  2 adder skeletons
  3 worms
  2 dart slugs
  6 giant geckos
  20 orcs
  A ball python (D:5)
  11 bats
  5 giant cockroaches
  18 goblins
  8 hobgoblins
  6 jackals
  3 quokkas
  A giant gecko zombie (D:5)
  5 giant newts
  A jackal skeleton (D:4)
  17 kobolds
  9 rats
  A spectral orc (D:7)
201 creatures vanquished.

Notes
Turn   | Place    | Note
-------+----------+-------------------------------------------
     0 | D:1      | matakusis the Demonspawn Fighter began the quest for the Orb.
     0 | D:1      | Reached XP level 1. HP: 18/18 MP: 1/1
    84 | D:1      | Gained mutation: Your movements are slightly less encumbered by armour. (ER -2) [demonic ancestry]
    84 | D:1      | Reached XP level 2. HP: 23/24 MP: 2/2
   791 | D:2      | Found a stormy altar of Qazlal.
   847 | D:2      | Reached XP level 3. HP: 29/29 MP: 3/3
  1103 | D:2      | Found an ancient bone altar of Kikubaaqudgha.
  1504 | D:2      | Gained mutation: Your flesh is cold resistant. (rC+) [demonic ancestry]
  1504 | D:2      | Reached XP level 4. HP: 21/36 MP: 4/4
  1641 | D:2      | Found a blossoming altar of Fedhas.
  1889 | D:2      | Found a shimmering altar of Xom.
  1907 | D:2      | Became a worshipper of Xom the Begetter of Turbulence
  2181 | D:3      | Noticed Shenda's ghost (amateur DsGl)
  2192 | D:3      | Found an opulent altar of Gozag.
  2195 | D:3      | XOM: potion effect (berserk rage)
  2197 | D:3      | XOM: silly message
  2206 | D:3      | Killed Shenda's ghost
  2206 | D:3      | Reached skill level 1 in Dodging
  2206 | D:3      | Reached XP level 5. HP: 42/42 MP: 5/5
  2474 | D:3      | XOM: harmless Air miscast
  2509 | D:3      | Gained mutation: You are partially covered in sharp spines. [demonic ancestry]
  2509 | D:3      | Reached XP level 6. HP: 48/48 MP: 6/6
  2787 | D:3      | Found a radiant altar of Vehumet.
  2816 | D:3      | XOM: harmless Summ miscast
  2956 | D:4      | XOM: god gift: 25 gold pieces
  2984 | D:4      | Noticed Blork the orc
  2995 | D:4      | Killed Blork the orc
  3130 | D:4      | Noticed Robin
  3135 | D:4      | Gained mutation: Your movements are less encumbered by armour. (ER -4) [demonic ancestry]
  3135 | D:4      | Reached XP level 7. HP: 45/55 MP: 7/7
  3135 | D:4      | XOM: potion effect (experience)
  3135 | D:4      | Reached skill level 5 in Long Blades
  3135 | D:4      | Reached XP level 8. HP: 56/68 MP: 8/8
  3141 | D:4      | Killed Robin
  3175 | D:4      | Found a staircase to the Ecumenical Temple.
  3179 | Temple   | Entered the Ecumenical Temple
  3300 | D:4      | XOM: confuse monster(s)
  3751 | D:5      | Entered Level 5 of the Dungeon
  3756 | D:5      | XOM: silly message
  3925 | D:5      | XOM: harmless Divn miscast
  3964 | D:5      | XOM: cast spell 'Summon Small Mammal'
  3976 | D:5      | Found Samuom's Magic Scroll Shop.
  4186 | D:5      | XOM: harmless Tmut miscast
  4440 | D:5      | XOM is BORED!
  4440 | D:5      | XOM: noise
  4501 | D:5      | XOM: harmless Divn miscast
  4593 | D:6      | XOM: harmless Ice miscast
  4652 | D:6      | XOM: mild Fire miscast
  4780 | D:6      | Found a shadowy altar of Dithmenos.
  4822 | D:6      | XOM: medium Tmut miscast
  4853 | D:6      | XOM: medium Summ miscast
  5189 | D:6      | Gained mutation: You have large cloven feet. [demonic ancestry]
  5189 | D:6      | Reached XP level 9. HP: 75/75 MP: 9/9
  5317 | D:7      | XOM: smoke on damage
  5662 | D:7      | Found a basalt altar of Yredelemnul.
  5936 | D:7      | XOM: give mutations
  5936 | D:7      | Gained mutation: You occasionally shout uncontrollably at your foes. [Xom's mischief]
  5936 | D:7      | Gained mutation: You are dopey. (Int -2) [Xom's mischief]
  5936 | D:7      | Gained mutation: You can translocate small distances at will. [Xom's mischief]
  5936 | D:7      | Gained mutation: You are covered in fur. (AC +1) [Xom's mischief]
  6211 | D:8      | Reached skill level 5 in Dodging
  6260 | D:8      | XOM: mild Pois miscast
  6334 | D:8      | XOM is BORED!
  6334 | D:8      | XOM: give mutations
  6334 | D:8      | Gained mutation: You are frail. (-10% HP) [Xom's mischief]
  6334 | D:8      | Lost mutation: You are covered in fur. (AC +1) [Xom's mischief]
  6596 | D:8      | Found a staircase to the Lair.
  6621 | D:8      | XOM: harmless Ice miscast
  6905 | D:9      | XOM: noise
  6919 | D:9      | XOM: divination: detect items
  6926 | D:9      | Gained mutation: You have hoof-like feet. [demonic ancestry]
  6926 | D:9      | Reached XP level 10. HP: 46/74 MP: 10/10
  6981 | D:9      | XOM: harmless Fire miscast
  7015 | D:9      | XOM: cast spell 'Summon Butterflies'
  7041 | D:9      | Slain by a troll

Vault maps used:
D:1:      matt_arrival_grand_opening, minmay_misc_feat_nine_boxes
D:2:      nicolae_qazlal_general_emergency, overflow_temple_1_default,
          marbit_many_paths, kiku_gazebo_pond_becter
D:3:      grunt_gozag_statues, lemuel_coloured_pillars_altar,
          minmay_misc_feat_encased
D:4:      first_bread, uniq_blork_the_orc, uniq_robin
D:5:      black_bear_nest_2, serial_shops, shop, grunt_decor_cap,
          hangedman_minor_gate_pass
D:6:      overflow_temple_1_default
D:7:      yredelemnul_forgotten_temple_becter, the_bakery,
          eino_small_chamber_without_monster
D:8:      minmay_lair_entry_lava
D:9:      nicolae_overflow_quartered_altars, serial_shops, shop, st_stairs_8
Temple:   zaba_magenta_temple

Skill      XL: |  1  2  3  4  5  6  7  8  9 10 |
---------------+-------------------------------+-----
Armour         | 3 4 6 |  6.9
Shields        | 3 4 7 8 9 |  9.0
Long Blades    | 2 5 6 |  6.1
Fighting       | 4 8 9 |  9.2
Dodging        | 1 4 5 |  5.3

Action                   |  1- 3 |  4- 6 |  7- 9 | 10-12 || total
-------------------------+-------+-------+-------+-------++-------
Melee: Long sword        |   136 |   229 |   433 |    57 ||   855
       Kick              |       |       |    82 |    17 ||    99
  Use: Scroll            |       |    10 |     8 |       ||    18
       Potion            |       |     2 |     1 |     5 ||     8
  Eat: Chunk             |     2 |     7 |    15 |       ||    24
       Beef jerky        |       |       |     1 |       ||     1
Armor: Scale mail        |    58 |    86 |   119 |    10 ||   273
       Skin              |       |       |       |    45 ||    45
Dodge: Dodged            |    48 |    75 |   139 |    14 ||   276
Block: Shield            |    72 |   134 |   209 |    46 ||   461
